 Dungeon Crawl Stone Soup version 0.27-a0-1105-g946c659c87 (webtiles) character file.

Game seed: 3457961120302202086

5734 robertstho the Protected (level 10, -4/120 HPs)
             Began as a Demonspawn Berserker on Apr 29, 2021.
             Was an Elder of Trog.
             Killed from afar by an electric eel (7 damage)
             ... with a bolt of electricity
             ... on level 8 of the Dungeon.
             The game lasted 00:10:56 (8416 turns).

robertstho the Protected (Demonspawn Berserker)     Turns: 8416, Time: 00:10:57

Health: -4/120     AC: 12    Str: 26    XL:     10   Next: 48%
Magic:  10/10      EV: 12    Int: 14    God:    Trog [****..]
Gold:   437        SH: 20    Dex: 14    Spells: 9/9 levels left

rFire    x . .     SeeInvis +   f - +7 whip of Cigiph {vamp, Fly rC+ Str+4}
rCold    + . .     Faith    .   r - +0 kite shield
rNeg     . . .     Spirit   .   c - +0 chain mail
rPois    .         Reflect  +   (no helmet)
rElec    .         Harm     .   (no cloak)
rCorr    .         Rampage  .   A - +0 pair of gloves
Will     .....                  (no boots)
Stlth    ..........             w - amulet of reflection
HPRegen  0.30/turn              x - ring "Mapuc" {+Blink rF- EV+4 Str+2 SInv}
MPRegen  0.12/turn              (no ring)

@: berserking, flying, very quick
A: hooves 2, powered by death 1, big brain 3, condensation shield
a: Renounce Religion, Evoke Blink, Berserk, Trog's Hand, Brothers in Arms


You were on level 8 of the Dungeon.
You worshipped Trog.
Trog was greatly pleased with you.
You visited 1 branch of the dungeon, and saw 8 of its levels.

You collected 437 gold pieces.

Inventory:

Hand Weapons
 f - the +7 whip of Cigiph (weapon) {vamp, Fly rC+ Str+4}
   (You found it on level 7 of the Dungeon)

   It inflicts no extra harm, but heals its wielder when it wounds a living foe.
   It affects your strength (+4).
   It protects you from cold.
   It grants you flight.
 E - a +1 war axe
Missiles
 d - 4 throwing nets
Armour
 c - a +0 chain mail (worn)
 r - a +0 kite shield (worn)
 A - a +0 pair of gloves (worn)
Jewellery
 w - an amulet of reflection (around neck)
 x - the ring "Mapuc" (left hand) {+Blink rF- EV+4 Str+2 SInv}
   (You found it on level 5 of the Dungeon)

   [ring of evasion]

   It affects your evasion (+4).
   It affects your strength (+2).
   It makes you vulnerable to fire.
   It lets you see invisible.
   It lets you blink.
Wands
 p - a wand of mindburst (6)
 t - a wand of iceblast (23)
 y - a wand of digging (12)
 D - a wand of acid (9)
Scrolls
 a - 2 scrolls of fog {unknown}
 g - a scroll of immolation
 h - 4 scrolls of teleportation {unknown}
 i - a scroll of noise {unknown}
 l - 3 scrolls of amnesia {unknown}
 o - 3 scrolls of fear {unknown}
 s - a scroll of summoning
 v - 2 scrolls of blinking
 B - a scroll of torment {unknown}
 C - a scroll of identify
Potions
 b - 5 potions of curing
 e - 3 potions of flight
 j - a potion of lignification {unknown}
 k - a potion of berserk rage {unknown}
 m - 4 potions of mutation {unknown}
 n - a potion of experience {unknown}
 q - a potion of resistance {unknown}
 u - a potion of invisibility {unknown}
 z - a potion of cancellation


   Skills:
 * Level 7.8 Fighting
 + Level 6.8(7.1) Axes
 + Level 3.0(5.2) Maces & Flails
 * Level 8.6 Armour
 + Level 2.7 Dodging
 + Level 0.5 Stealth
 + Level 6.1 Shields
 + Level 0.5 Evocations


You had 9 spell levels left.
You didn't know any spells.
Your spell library was empty.

Dungeon Overview and Level Annotations

Branches:
Dungeon (8/15)             Temple (0/1) D:7
   Lair: D:8-11

Altars:
Ashenzari
Dithmenos
Wu Jian

Shops:
D:1 *   D:7 [


Innate Abilities, Weirdness & Mutations

You have hoof-like feet.
You regenerate a little health from kills.
You have an absolutely massive brain. (Int +6, Wiz)
A meltable shield of frost defends you. (SH +4)


Message History

Trog accepts your kill.
You hear a splash.
The electric eel shoots out a bolt of lightning at you!
The bolt of electricity hits you.
The bolt of electricity hits the plant!
A nearby plant withers and dies.
The electric eel shoots out a bolt of lightning at you!
The bolt of electricity hits you!
You see here an electric eel corpse.
The electric eel shoots out a bolt of lightning at you!
The bolt of electricity hits the plant!!
The plant begins to die.
The bolt of electricity hits you!
* * * LOW HITPOINT WARNING * * *
Unknown command.
A red film seems to cover your vision as you go berserk!
You feel yourself moving faster!
You feel mighty!
The electric eel shoots out a bolt of lightning at you!
The bolt of electricity hits you!
* * * LOW HITPOINT WARNING * * *
You whack the electric eel! Your kick misses the electric eel.
The electric eel is severely wounded.
You barely miss the electric eel. Your kick misses the electric eel.
The electric eel is severely wounded.
The electric eel shoots out a bolt of lightning at you!
The bolt of electricity hits you!
* * * LOW HITPOINT WARNING * * *
You closely miss the electric eel. You kick the electric eel.
You kill the electric eel!
Trog accepts your kill.
You hear a splash.
A nearby plant withers and dies.
The electric eel shoots out a bolt of lightning at you!
The bolt of electricity hits you!
* * * LOW HITPOINT WARNING * * *
Your base Maces & Flails skill increases to level 3!
You see here an electric eel corpse.
You whack the electric eel! Your kick misses the electric eel.
The electric eel is almost dead.
The electric eel shoots out a bolt of lightning at you!
The bolt of electricity hits you!
You die...

......)..#.#######.##.#
...P.....#.# .##.#
###...#..#.# ##.#
#####..#...#### # ##.###
..>............###.#....####
...##...######...>.#.........
....#.#..####≈≈≈♣♣♣≈≈≈..####.
(.....##.♣≈♣≈♣♣♣≈≈≈♣≈♣≈≈≈♣#
.......#≈♣≈♣♣P≈≈@♣≈≈≈≈PPP≈♣
......≈♣≈≈≈≈P≈P≈;≈≈†♣≈≈♣≈PP♣
.....≈♣P≈≈≈P≈≈≈≈≈≈≈≈≈≈≈≈♣≈≈≈♣
....P≈≈≈♣≈≈≈≈≈≈≈≈≈≈≈≈≈≈≈≈P≈≈≈
...♣PP≈≈≈≈P≈≈≈≈≈≈≈≈≈≈≈≈≈≈♣≈≈
...♣♣≈♣≈≈P≈≈≈≈≈≈≈≈≈≈≈≈≈≈PP≈P
...♣♣≈P≈≈≈P≈≈≈≈≈≈≈≈≈≈≈≈≈≈≈P♣
....≈≈≈≈≈P≈♣≈≈≈≈≈≈≈≈≈≈≈≈♣≈≈≈
.....♣≈≈≈≈P≈≈≈≈≈≈≈≈≈≈≈♣≈≈♣≈


You could see an electric eel.

Vanquished Creatures
  Harold (D:8)
  Pikel (D:7)
  A deep elf pyromancer (D:8)
  Joseph (D:7)
  Psyche (D:8)
  Prince Ribbit (D:8)
  Grinder (D:5)
  A wyvern (D:8)
  An ice beast (D:8)
  A sky beast (D:6)
  2 black bears
  A hornet zombie (D:6)
  2 ogres
  A phantom (D:5)
  A lemure (D:7)
  A kobold brigand (D:7)
  A bullfrog (D:7)
  A scorpion (D:5)
  11 killer bees (D:7)
  4 wights (D:8)
  6 electric eels (D:8)
  4 centaur zombies
  3 hounds
  5 orc priests
  A centaur skeleton (D:5)
  2 jellies
  4 iguanas
  Ijyb (D:4)
  8 orc wizards
  A gnoll (D:4)
  A howler monkey skeleton (D:6)
  6 adders
  A white imp (D:6)
  2 ufetubi
  3 worms
  3 dart slugs
  14 orcs
  4 ball pythons
  7 endoplasms
  3 giant cockroaches
  A goblin (D:3)
  2 hobgoblins
  8 jackals
  4 quokkas
  5 bats
  11 frilled lizards
  10 kobolds
  7 rats
162 creatures vanquished.

Vanquished Creatures (collateral kills)
  An orc (D:8)
1 creature vanquished.

Vanquished Creatures (others)
  23 plants (D:8)
23 creatures vanquished.

Grand Total: 186 creatures vanquished

Notes
Turn   | Place    | Note
-------+----------+-------------------------------------------
     0 | D:1      | robertstho the Demonspawn Berserker began the quest for the
                  | Orb.
     0 | D:1      | Reached XP level 1. HP: 18/18 MP: 1/1
    85 | D:1      | Found Simeovee's General Store.
   150 | D:1      | Found a faded altar of an unknown god.
   359 | D:1      | Gained mutation: You have large cloven feet. [demonic
                  | ancestry]
   359 | D:1      | Reached XP level 2. HP: 24/24 MP: 2/2
   713 | D:1      | Reached ** piety under Trog
  1148 | D:2      | Reached skill level 2 in Armour
  1148 | D:2      | Gained mutation: A meltable shield of frost defends you.
                  | (SH +4) [demonic ancestry]
  1148 | D:2      | Reached XP level 3. HP: 26/29 MP: 3/3
  1821 | D:3      | Reached XP level 4. HP: 37/37 MP: 4/4
  1945 | D:3      | Reached skill level 3 in Armour
  1945 | D:3      | Reached XP level 5. HP: 30/42 MP: 5/5
  3240 | D:4      | Noticed Ijyb
  3249 | D:4      | Killed Ijyb
  3385 | D:4      | Reached *** piety under Trog
  3389 | D:4      | Gained mutation: You have an unusually large brain. (Int
                  | +2) [demonic ancestry]
  3389 | D:4      | Reached XP level 6. HP: 45/49 MP: 6/6
  3988 | D:5      | Entered Level 5 of the Dungeon
  3993 | D:5      | Reached skill level 4 in Armour
  4206 | D:5      | Found a broken altar of Ashenzari.
  4540 | D:5      | Gained mutation: You have an extremely huge brain. (Int +4)
                  | [demonic ancestry]
  4540 | D:5      | Reached XP level 7. HP: 55/55 MP: 7/7
  4561 | D:5      | Reached skill level 5 in Fighting
  4570 | D:5      | Reached skill level 1 in Shields
  5328 | D:5      | Noticed Grinder
  5340 | D:5      | Reached skill level 5 in Armour
  5349 | D:5      | Killed Grinder
  5350 | D:5      | Reached skill level 5 in Axes
  5350 | D:5      | Gained mutation: You have hoof-like feet. [demonic
                  | ancestry]
  5350 | D:5      | Reached XP level 8. HP: 58/64 MP: 8/8
  5359 | D:5      | Identified the ring "Mapuc" {+Blink rF- EV+4 Str+2 SInv}
  5958 | D:6      | Found a shadowy altar of Dithmenos.
  6481 | D:6      | Reached skill level 6 in Armour
  6875 | D:7      | Noticed Joseph
  6886 | D:7      | Killed Joseph
  6887 | D:7      | Gained mutation: You have an absolutely massive brain. (Int
                  | +6, Wiz) [demonic ancestry]
  6887 | D:7      | Reached XP level 9. HP: 58/71 MP: 9/9
  7120 | D:7      | Identified the +7 whip of Cigiph {vamp, Fly rC+ Str+4}
  7151 | D:7      | Found Zygoptu's Antique Armour Shop.
  7175 | D:7      | Reached skill level 7 in Armour
  7184 | D:7      | Noticed Pikel
  7202 | D:7      | Killed Pikel
  7711 | D:7      | Found a staircase to the Ecumenical Temple.
  7741 | D:7      | Reached **** piety under Trog
  7892 | D:8      | Reached skill level 8 in Armour
  7917 | D:8      | Reached skill level 1 in Maces & Flails
  7949 | D:8      | Noticed Prince Ribbit
  7998 | D:8      | Killed Prince Ribbit
  7999 | D:8      | Reached skill level 5 in Shields
  7999 | D:8      | Gained mutation: You regenerate a little health from kills.
                  | [demonic ancestry]
  7999 | D:8      | Reached XP level 10. HP: 75/79 MP: 10/10
  8214 | D:8      | Noticed a deep elf pyromancer
  8231 | D:8      | Killed a deep elf pyromancer
  8311 | D:8      | Found an ornate altar of the Wu Jian Council.
  8311 | D:8      | Noticed Harold
  8312 | D:8      | Noticed Psyche
  8329 | D:8      | Killed Harold
  8332 | D:8      | Killed Psyche
  8414 | D:8      | HP: 3/120 [electric eel/bolt of electricity (11)]
  8416 | D:8      | Killed from afar by an electric eel

Illustrated notes

Levels and vault maps discovered:
D:1:      dpeg_arrival_refuge, layout_basic, hellmonk_ecumenical_altar_lost_god,
          serial_shops, shop_fountains, st_stairs_9, minmay_lizard_pond
D:2:      minmay_spotlight, layout_basic
D:3:      layout_loops_corners
D:4:      minmay_skewed_foursquare, layout_gridville, uniq_ijyb
D:5:      minmay_general_purpose_star, layout_loops_corners,
          lemuel_doored_altar, uniq_grinder
D:6:      layout_loops_ring, nicolae_dithmenos_the_darkroom
D:7:      layout_gridville, minmay_temple_entry_statues_pillars, serial_shops,
          nicolae_shop_trees, serial_glass, glass_columns_b, glass_columns_a,
          chequers_serial_rivers_small_b, uniq_joseph, uniq_pikel
D:8:      layout_rooms, lemuel_crystal_altar, serial_bayou,
          serial_bayou_lagoon_a, serial_bayou_pond_c, serial_bayou_pond_a,
          serial_bayou_lake_a, uniq_harold, uniq_psyche, uniq_prince_ribbit1

Skill      XL: |  1  2  3  4  5  6  7  8  9 10 |
---------------+-------------------------------+-----
Axes           | 3 4 5 6 |  6.8
Armour         | 2 3 4 5 6 8 |  8.6
Fighting       | 4 5 6 7 |  7.8
Dodging        | 2 |  2.7
Shields        | 1 3 5 6 |  6.1
Maces & Flails | 1 3 |  3.0
Stealth        | |  0.5
Evocations     | |  0.5

Action                   |  1- 3 |  4- 6 |  7- 9 | 10-12 || total
-------------------------+-------+-------+-------+-------++-------
Melee: Hand axe          |    96 |   157 |   118 |       ||   371
       Kick              |    18 |    48 |    82 |    13 ||   161
       War axe           |       |       |    39 |       ||    39
       Whip              |       |       |   113 |    47 ||   160
Invok: Berserk           |     2 |     7 |    11 |     4 ||    24
       Trog's Hand       |       |       |     2 |       ||     2
       Brothers in Arms  |       |       |       |     1 ||     1
Evoke: Wand              |       |       |     4 |       ||     4
  Use: Scroll            |       |       |     7 |       ||     7
Armor: Chain mail        |    61 |    88 |   112 |     6 ||   267
Dodge: Dodged            |    35 |    46 |   105 |    12 ||   198
Block: Other             |     6 |    12 |       |       ||    18
       Kite shield       |       |    44 |   210 |    34 ||   288
       Reflection        |       |       |       |     2 ||     2

Table legend: (Time is in decaauts)
 A = Elapsed time spent in this place.
 B = Non-inter-level travel time spent in this place.
 C = Inter-level travel time spent in this place.
 D = Time resting spent in this place.
 E = Time spent auto-exploring this place.
 F = Levels seen in this place.
 G = Mean time per level.
                   A        B        C        D        E       F      G
               +--------+--------+--------+--------+--------+-----+--------+
         Total |   8727 |   8439 |    288 |    544 |   6548 |   8 | 1090.9 |
       Dungeon |   8727 |   8439 |    288 |    544 |   6548 |   8 | 1090.9 |
               +--------+--------+--------+--------+--------+-----+--------+

Top non-repeatable levels by time:
     D:5: 1923 daAuts
     D:3: 1477 daAuts
     D:7: 1169 daAuts
     D:1: 1016 daAuts
     D:6: 960 daAuts
     D:4: 960 daAuts
     D:2: 638 daAuts
     D:8: 580 daAuts
